 Dungeon Crawl Stone Soup version 0.19.0-16-g73b5abf (webtiles) character file.

1703 IcyTea the Slicer (level 9, -1/53 HPs)
             Began as a Halfling Summoner on Nov 10, 2016.
             Slain by an orc warrior
             ... wielding a +0 war axe
              (14 damage)
             ... on level 5 of the Dungeon.
             The game lasted 00:25:34 (7787 turns).

IcyTea the Slicer (Halfling Summoner)               Turns: 7787, Time: 00:25:35

Health: -1/53      AC: 15    Str: 11    XL:     9   Next: 23%
Magic:  11/11      EV: 14    Int: 13    God:
Gold:   272        SH:  0    Dex: 18    Spells: 1 memorised, 10 levels left

rFire  + . .     SeeInvis +     a - +2 rapier (flame)
rCold  . . .     Gourm    .     p - +3 leather armour {rF+}
rNeg   . . .     Faith    .     (shield restricted)
rPois  .         Spirit   .     v - +0 helmet
rElec  .         Reflect  .     l - +1 cloak
rCorr  .         Harm     .     (no gloves)
MR     .....                    e - +2 pair of boots {Stlth+}
Stlth  ++++......               (no amulet)
                                B - +3 ring of protection
                                d - ring of see invisible

@: no status effects
A: blurry vision 1, mutation resistance 1, strong 1
a: no special abilities


You were on level 5 of the Dungeon.
You were near starving.

You visited 1 branch of the dungeon, and saw 6 of its levels.
You also visited: Sewer.

You collected 272 gold pieces.

Inventory:

Hand Weapons
 a - a +2 rapier of flaming (weapon)
 b - a +0 dagger of venom
Missiles
 w - 43 sling bullets
Armour
 e - a +2 pair of boots of stealth (worn)
 l - a +1 cloak (worn)
 p - a +3 leather armour of fire resistance (worn)
 v - a +0 helmet (worn)
Jewellery
 d - a ring of see invisible (left hand)
 j - an uncursed ring of protection from magic
 B - a +3 ring of protection (right hand)
Wands
 s - a wand of acid (7/15)
 x - a wand of slowing (25/48)
 A - a wand of confusion (32/48)
Scrolls
 k - 2 scrolls of teleportation
 n - 4 scrolls of remove curse
 o - a scroll of identify
 y - a scroll of blinking
 z - a scroll of enchant armour
Potions
 g - a potion of lignification
 h - a potion of haste
 i - a potion of brilliance
 m - a potion of curing
 q - 2 potions of might
 r - a potion of heal wounds
 t - a potion of agility
Comestibles
 c - 5 bread rations
 f - 4 meat rations
 u - a fruit


   Skills:
 - Level 1.0 Fighting
 + Level 12.0 Short Blades
 - Level 2.1 Dodging
 - Level 5.1 Stealth
 - Level 1.5 Spellcasting
 - Level 3.2 Summonings


You had 10 spell levels left.
You knew the following spells:

 Your Spells              Type           Power        Failure   Level  Hunger
a - Summon Small Mammal   Summ           #...         12%         1    ##.....


Dungeon Overview and Level Annotations

Branches:
Dungeon (6/15)
 Temple: D:4-7

Altars:


Innate Abilities, Weirdness & Mutations

You are small and have problems with some larger weapons.
You are somewhat resistant to further mutation.
Scrolls take you a little longer to read.
Your muscles are strong. (Str +2)


Message History

You hit the orc warrior but do no damage.
The orc warrior is heavily wounded.
The orc warrior hits you with a war axe.
You hit the orc warrior. You burn the orc warrior.
The orc warrior is severely wounded.
You completely miss the orc warrior.
The orc warrior is severely wounded.
The orc warrior hits you with a war axe.
* * * LOW HITPOINT WARNING * * *
You hit the orc warrior. You burn the orc warrior.
The orc warrior is severely wounded.
You completely miss the orc warrior.
The orc warrior is severely wounded.
The orc warrior barely misses you.
You closely miss the orc warrior.
The orc warrior is severely wounded.
You hit the orc warrior but do no damage.
The orc warrior is severely wounded.
The orc warrior hits you with a war axe!
You die...

# ##.## #...# ##...#....###
## #..# #..## ##......##
.#####..# #..# ##.....#
....##..# ##..# ##....#
#.......# ###...# ###....##
####....###....## ##....[.#
##...........#####...#...##
#....######o.)#...####...##
#...## ##@...### ##...###
## ##...# ###.## ##.....
.###....# ##.# ##....
.......## #..# ##.(..
.......# #..# #..(..
.......# #..# #....#
##.....## #..# ##...##
##......###
#..########...##
..........###
#.............#


You could see an orc warrior.

Vanquished Creatures
  The ghost of GsBirdie the Cleaver, a novice MiBe of Trog (D:6)
  2 ice beasts
  An orc warrior (D:6)
  A centaur (D:5)
  4 big kobolds
  A crimson imp (D:5)
  An orc priest (D:5)
  2 hounds
  A centaur skeleton (D:6)
  An iguana (D:4)
  A bullfrog skeleton (D:6)
  A worker ant (D:4)
  20 adders
  4 river rats
  A shadow imp (D:5)
  3 oozes
  An adder skeleton (D:6)
  7 worms
  4 dart slugs
  3 leopard geckos
  9 orcs
  5 ball pythons
  10 giant cockroaches
  14 goblins
  9 hobgoblins
  2 jackals (D:1)
  A quokka (D:3)
  7 bats
  4 frilled lizards
  A giant cockroach zombie (D:5)
  A jackal skeleton (D:4)
  16 kobolds
  15 rats
154 creatures vanquished.

Vanquished Creatures (collateral kills)
  A jelly (D:1)
  A giant cockroach (D:1)
  2 goblins (D:2)
  2 kobolds
6 creatures vanquished.

Grand Total: 160 creatures vanquished

Notes
Turn   | Place    | Note
-------+----------+-------------------------------------------
     0 | D:1      | IcyTea the Halfling Summoner began the quest for the Orb.
     0 | D:1      | Reached XP level 1. HP: 11/11 MP: 3/3
   101 | D:1      | Reached skill level 1 in Fighting
   399 | D:1      | Reached XP level 2. HP: 12/18 MP: 4/4
   494 | D:1      | Reached skill level 1 in Short Blades
   683 | D:1      | Reached skill level 2 in Short Blades
   866 | D:1      | Reached XP level 3. HP: 7/23 MP: 5/5
  1195 | D:1      | Reached skill level 3 in Short Blades
  1574 | D:1      | Reached XP level 4. HP: 22/28 MP: 6/6
  1824 | D:1      | Reached skill level 4 in Short Blades
  2262 | D:2      | Reached XP level 5. HP: 24/33 MP: 7/7
  2661 | D:2      | Reached skill level 5 in Short Blades
  3653 | D:3      | Reached skill level 6 in Short Blades
  3741 | D:3      | Reached XP level 6. HP: 38/38 MP: 8/8
  4366 | D:4      | Reached skill level 7 in Short Blades
  4629 | D:5      | Entered Level 5 of the Dungeon
  4885 | D:5      | Found a glowing drain.
  4909 | D:5      | Reached XP level 7. HP: 22/43 MP: 9/9
  4994 | Sewer    | Entered a sewer
  5294 | Sewer    | Reached skill level 8 in Short Blades
  5846 | D:5      | Reached skill level 5 in Stealth
  5846 | D:5      | Reached XP level 8. HP: 48/48 MP: 10/10
  6084 | D:5      | Identified a scroll of acquirement
  6543 | D:5      | Reached skill level 9 in Short Blades
  6770 | D:6      | Noticed GsBirdie's ghost (novice MiBe)
  6814 | D:6      | Gained mutation: Scrolls take you a little longer to read. [potion of mutation]
  6814 | D:6      | Gained mutation: Your muscles are strong. (Str +2) [potion of mutation]
  7107 | D:6      | Reached skill level 10 in Short Blades
  7328 | D:6      | Killed GsBirdie's ghost
  7328 | D:6      | Reached skill level 11 in Short Blades
  7328 | D:6      | Reached XP level 9. HP: 11/53 MP: 11/11
  7732 | D:6      | Reached skill level 12 in Short Blades
  7787 | D:5      | Slain by an orc warrior

Skill      XL: |  1  2  3  4  5  6  7  8  9 |
---------------+----------------------------+-----
Fighting       | 1 |  1.0
Short Blades   | 2 3 4 6 7 8 11 12 | 12.0
Stealth        | 5 |  5.1
Dodging        | |  2.1
Spellcasting   | |  1.5
Summonings     | |  3.2

Action                   |  1- 3 |  4- 6 |  7- 9 || total
-------------------------+-------+-------+-------++-------
Melee: Unarmed           |    25 |       |       ||    25
       Dagger            |   105 |   383 |   235 ||   723
       Rapier            |       |       |   172 ||   172
 Cast: Summon Small Mamm |    10 |    13 |       ||    23
  Use: Scroll            |     1 |     4 |     4 ||     9
       Potion            |       |     8 |     2 ||    10
 Stab: Sleeping          |     1 |    10 |     5 ||    16
       Distracted        |       |     1 |     1 ||     2
  Eat: Chunk             |     2 |     9 |     9 ||    20
       Beef jerky        |       |     1 |       ||     1
       Fruit             |       |       |     1 ||     1
Armor: Robe              |    22 |    57 |       ||    79
       Leather armour    |       |    14 |    96 ||   110
Dodge: Dodged            |    98 |   214 |   147 ||   459
